 Dungeon Crawl Stone Soup version 0.21.0-3-g78d12a8 (webtiles) character file.

511 Mgcat the Cleaver (level 6, 0/51 HPs)
             Began as a Minotaur Monk on Jan 17, 2018.
             Killed from afar by an orc wizard (5 damage)
             ... with a magic dart
             ... on level 5 of the Dungeon.
             The game lasted 00:10:54 (5523 turns).

Mgcat the Cleaver (Minotaur Monk)                   Turns: 5523, Time: 00:10:54

Health: 0/51       AC:  5    Str: 15    XL:     6   Next: 99%
Magic:  5/5        EV: 12    Int:  9    God:
Gold:   119        SH:  0    Dex: 15    Spells: 5/5 levels left

rFire    . . .     SeeInvis .   a - +0 hand axe
rCold    . . .     Gourm    .   (no shield)
rNeg     . . .     Faith    .   m - +0 ring mail
rPois    .         Spirit   .   (helmet restricted)
rElec    .         Reflect  .   (no cloak)
rCorr    .         Harm     .   (no gloves)
MR       .....                  (no boots)
Stlth    +.........             r - amulet of rage
HPRegen  0.17/turn              p - +2 ring of intelligence
MPRegen  0.09/turn              (no ring)

@: flying
A: retaliatory headbutt, horns 2
a: Evoke Berserk Rage


You were on level 5 of the Dungeon.
You were hungry.

You visited 1 branch of the dungeon, and saw 5 of its levels.

You collected 119 gold pieces.

Inventory:

Hand Weapons
 a - a +0 hand axe (weapon)
Armour
 m - a +0 ring mail (worn)
Jewellery
 k - an uncursed amulet of magic regeneration
 p - a +2 ring of intelligence (left hand)
 r - an amulet of rage (around neck)
Scrolls
 d - 2 scrolls of blinking {unknown}
 e - 2 scrolls of immolation {unknown}
 f - 2 scrolls of enchant weapon {unknown}
 g - 2 scrolls of magic mapping {unknown}
 h - 3 scrolls of identify {unknown}
 j - a scroll of noise {unknown}
 l - 3 scrolls of random uselessness {unknown}
Potions
 b - a potion of curing {unknown}
 i - a potion of brilliance {unknown}
 n - a potion of mutation {unknown}
 o - a potion of flight
 q - a potion of magic {unknown}
Comestibles
 c - 6 rations


   Skills:
 - Level 3.6 Fighting
 + Level 9.5 Axes
 - Level 3.2 Dodging
 - Level 1.5 Stealth


You had 5 spell levels left.
You didn't know any spells.

Dungeon Overview and Level Annotations

Branches:
Dungeon (5/15)
 Temple: D:4-7

Altars:
Ashenzari
Kikubaaqudgha
Makhleb
Trog
Wu Jian
Xom

Shops:
D:4 [

Annotations:
D:4 Sigmund
D:5 Menkaure


Innate Abilities, Weirdness & Mutations

You reflexively headbutt those who attack you in melee.
You have a pair of horns on your head.


Message History

You fly up into the air.
The orc wizard barely misses you. You furiously retaliate!
You headbutt the orc wizard, but do no damage.
Something hits you.
* * * LOW HITPOINT WARNING * * *
The orc wizard closely misses you.
Unknown command.
Unknown command.
You barely miss the orc wizard. Your headbutt misses the orc wizard.
The orc wizard is moderately wounded.
You closely miss something.
The orc wizard hits you but does no damage.
Something hits you but does no damage.
Unknown command.
Unknown command.
Menkaure mumbles some strange words.
Menkaure seems to speed up.
The orc wizard casts a spell at you. The magic dart hits you!
You die...

##..>)...
.
....M..##
..
#..?....#
.#.......#
......=.#
#.Z...#
#.l{# #o#
#@# #.#
#.# ..#
... ..##
.. #.#


You could see Menkaure, an orc wizard, a frilled lizard and a quokka skeleton.

Vanquished Creatures
  A howler monkey (D:4)
  A crimson imp (D:4)
  3 worker ants
  Natasha (twice) (D:4)
  3 orc wizards
  Robin (D:2)
  3 gnolls (D:3)
  3 adders
  5 oozes
  An adder skeleton (D:4)
  3 worms
  6 dart slugs
  5 leopard geckos
  6 orcs (D:3)
  A ball python (D:1)
  4 giant cockroaches
  14 goblins
  10 hobgoblins
  23 jackals
  8 kobolds
  8 bats
  2 frilled lizards
  5 rats
118 creatures vanquished.

Notes
Turn   | Place    | Note
-------+----------+-------------------------------------------
     0 | D:1      | Mgcat the Minotaur Monk began the quest for the Orb.
     0 | D:1      | Reached XP level 1. HP: 19/19 MP: 0/0
    62 | D:1      | Reached skill level 4 in Axes
    77 | D:1      | Reached XP level 2. HP: 15/26 MP: 1/1
   519 | D:1      | Reached skill level 5 in Axes
   553 | D:1      | Reached XP level 3. HP: 24/31 MP: 2/2
  1180 | D:2      | Found a faded altar of an unknown god.
  1191 | D:2      | Reached skill level 6 in Axes
  1191 | D:2      | Reached XP level 4. HP: 11/39 MP: 3/3
  1506 | D:2      | Found a shimmering altar of Xom.
  1638 | D:2      | Noticed Robin
  1666 | D:2      | Killed Robin
  3009 | D:3      | Reached XP level 5. HP: 43/45 MP: 4/4
  3126 | D:3      | Reached skill level 7 in Axes
  3798 | D:3      | Reached skill level 8 in Axes
  4282 | D:4      | Found a shattered altar of Ashenzari.
  4297 | D:4      | Found a bloodstained altar of Trog.
  4297 | D:4      | Found an ornate altar of the Wu Jian Council.
  4298 | D:4      | Found an ancient bone altar of Kikubaaqudgha.
  4298 | D:4      | Found a burning altar of Makhleb.
  4384 | D:4      | Noticed Natasha
  4394 | D:4      | Killed Natasha
  4394 | D:4      | Reached XP level 6. HP: 27/51 MP: 5/5
  4873 | D:4      | Noticed Natasha
  4879 | D:4      | Killed Natasha
  4879 | D:4      | Reached skill level 9 in Axes
  4891 | D:4      | Noticed Sigmund
  5152 | D:4      | Found Kuxzu's Armour Shoppe.
  5518 | D:5      | Entered Level 5 of the Dungeon
  5521 | D:5      | Noticed Menkaure
  5523 | D:5      | Killed from afar by an orc wizard

Skill      XL: |  1  2  3  4  5  6 |
---------------+-------------------+-----
Axes           | 4 5 6 8 9 |  9.5
Fighting       | |  3.6
Dodging        | |  3.2
Stealth        | |  1.5

Action                   |  1- 3 |  4- 6 || total
-------------------------+-------+-------++-------
Melee: Hand axe          |    71 |   231 ||   302
       Headbutt          |    10 |    45 ||    55
  Use: Potion            |       |     2 ||     2
 Stab: Sleeping          |     1 |     1 ||     2
  Eat: Chunk             |       |    14 ||    14
Armor: Robe              |     8 |     6 ||    14
       Ring mail         |       |    54 ||    54
       Leather armour    |       |     1 ||     1
Dodge: Dodged            |    46 |   131 ||   177
